 Dungeon Crawl Stone Soup version 0.30-a0-627-gc11e7ae810 (webtiles) character file.

Game seed: 4591682956163008821

695 M4edhros the Charlatan (level 7, -1/46 HPs)
             Began as an Octopode Artificer on Jan 12, 2023.
             Succumbed to a water moccasin's poison
             ... on level 8 of the Dungeon.
             The game lasted 00:04:15 (1270 turns).

M4edhros the Charlatan (Octopode Artificer)         Turns: 1270, Time: 00:04:16

Health: -1/46      AC:  1    Str: 11    XL:     7   Next: 64%
Magic:  6/6        EV: 14    Int: 13    God:
Gold:   139        SH:  0    Dex: 15    Spells: 6/6 levels left

rFire   . . .      SeeInvis .      - Unarmed
rCold   . . .      Faith    .    (no shield)
rNeg    . . .      Spirit   .    (helmet restricted)
rPois   .          Reflect  .    (no amulet)
rElec   .          Harm     .    (no ring)
rCorr   .          Rampage  .    (no ring)
Will    .....                    (no ring)
Stlth   ++++                     (no ring)
HPRegen 0.27/turn                (no ring)
MPRegen 0.10/turn                (no ring)
                                 (no ring)
                                 (no ring)

@: lethally poisoned (-1 -> -6)
A: almost no armour, amphibious, 8 rings, camouflage 1, gelatinous body 1,
(nimble swimmer 1), tentacles, tentacle spike 1, low MP 1
a: no special abilities


You were on level 8 of the Dungeon.
You visited 1 branch of the dungeon, and saw 8 of its levels.

You collected 139 gold pieces.

Inventory:

Hand Weapons
 h - the +1 hand axe of Righteous Anger {freeze, rF- rN+ Dex+3 SInv}
   (You found it on level 7 of the Dungeon)

   Dex:       It affects your dexterity (+3).
   rF:        It makes you vulnerable to fire.
   rN:        It protects you from negative energy.
   SInv:      It lets you see invisible.
Wands
 b - a wand of flame (10) (quivered)
 c - a wand of charming (7)
 d - a wand of iceblast (5)
Scrolls
 a - 2 scrolls of identify
 g - a scroll of fear
Potions
 f - a potion of degeneration
 i - a potion of attraction


   Skills:
 + Level 3.3 Fighting
 + Level 4.0 Dodging
 + Level 4.7 Stealth
 * Level 4.5 Unarmed Combat
 + Level 4.8 Evocations


You had 6 spell levels left.
You didn't know any spells.
Your spell library was empty.

Dungeon Overview and Level Annotations

Branches:
Dungeon (8/15)
 Temple: D:4-7         Lair: D:8-11

Altars:

Annotations:
D:7 2 transporters


Innate Abilities, Weirdness & Mutations

You cannot wear most types of armour.
You are amphibious.
You can wear up to eight rings at the same time.
Your skin changes colour to match your surroundings (Stealth+).
Your rubbery body absorbs attacks. (AC +1, EV +1)
((You are camouflaged when in or above water. (Stealth+)))
You have tentacles for arms and can constrict up to eight enemies at once.
One of your tentacles bears a spike.
Your magical capacity is low. (-10% MP)


Message History

Really attack your water moccasin?
You barely miss your water moccasin.
The water moccasin is no longer charmed.
You grab the water moccasin.
The water moccasin is severely wounded.
You constrict the water moccasin. The water moccasin bites you.
You are poisoned.
The water moccasin poisons you!
You tentacle-slap the water moccasin but do no damage.
You pierce the water moccasin.
Your squeeze misses the water moccasin.
The water moccasin is almost dead.
You constrict the water moccasin.
You feel very sick.
The water moccasin bites you but does no damage.
The water moccasin bites you.
You are lethally poisoned!
The water moccasin poisons you!
You bludgeon the water moccasin!
You kill the water moccasin!
You feel extremely sick.
You feel very sick.
You see here a water moccasin corpse.
* * * LOW HITPOINT WARNING * * *
You feel very sick.
Unknown command.
Okay, then.
Found a howler monkey corpse.
* * * LOW HITPOINT WARNING * * *
You feel very sick.
* * * LOW HITPOINT WARNING * * *
You feel very sick.
There is a stone staircase leading down here.
* * * LOW HITPOINT WARNING * * *
You feel sick.
You climb downwards.
* * * LOW HITPOINT WARNING * * *
You feel sick.
There is a stone staircase leading up here.
Unknown command.
You die...

#### #
#.. #
#.#.##.#
#..<@..#
########


There were no monsters in sight!

Vanquished Creatures
  2 water moccasins
  A centaur (D:7)
  A scorpion (D:6)
  A howler monkey (D:7)
  An orc priest (D:6)
  A hound (D:5)
  An orc wizard (D:5)
  An iguana (D:6)
  5 adders
  2 dart slugs
  2 orcs
  A ball python (D:1)
  An endoplasm (D:1)
  A giant cockroach (D:1)
  A goblin (D:1)
  2 hobgoblins (D:1)
  A kobold (D:1)
  A quokka (D:5)
  A bat (D:2)
  2 frilled lizards
  A rat (D:2)
30 creatures vanquished.

Vanquished Creatures (collateral kills)
  A necrophage (D:7)
  3 howler monkeys
  An orc wizard (D:6)
  An orc (D:6)
6 creatures vanquished.

Vanquished Creatures (others)
  2 scorpions
2 creatures vanquished.

Grand Total: 38 creatures vanquished

Notes
Turn   | Place    | Note
-------+----------+-------------------------------------------
     0 | D:1      | M4edhros the Octopode Artificer began the quest for the
                  | Orb.
     0 | D:1      | Reached XP level 1. HP: 13/13 MP: 1/1
    36 | D:1      | Reached XP level 2. HP: 18/18 MP: 2/2
   225 | D:2      | Reached skill level 1 in Unarmed Combat
   305 | D:5      | Entered Level 5 of the Dungeon
   317 | D:5      | Reached XP level 3. HP: 18/23 MP: 3/3
   413 | D:5      | Identified the +1 leather armour of Duty {rF- Regen+ Int+5}
   544 | D:5      | Reached XP level 4. HP: 14/29 MP: 4/4
   592 | D:6      | Noticed a water moccasin
   597 | D:6      | Killed a water moccasin
   598 | D:6      | Reached XP level 5. HP: 30/34 MP: 5/5
   603 | D:6      | Noticed a sky beast
   682 | D:5      | Reached XP level 6. HP: 35/41 MP: 6/6
   717 | D:6      | Identified the +1 leather armour "Wemal" {Str+9}
  1097 | D:7      | Identified the +1 hand axe of Righteous Anger {freeze, rF-
                  | rN+ Dex+3 SInv}
  1176 | D:7      | Reached XP level 7. HP: 39/46 MP: 7/7
  1214 | D:7      | Found a transporter.
  1218 | D:7      | Found a transporter.
  1223 | D:7      | Gained mutation: You are frail. (-10% HP) [potion of
                  | mutation]
  1223 | D:7      | Lost mutation: You are frail. (-10% HP) [potion of
                  | mutation]
  1223 | D:7      | Gained mutation: Your magical capacity is low. (-10% MP)
                  | [potion of mutation]
  1223 | D:7      | Gained mutation: One of your tentacles bears a spike.
                  | [potion of mutation]
  1268 | D:7      | HP: 2/46 [poisoned by a water moccasin]
  1270 | D:8      | Succumbed to a water moccasin's poison

Illustrated notes

Levels and vault maps discovered:
D:1:      ebering_trefoil_3fold, layout_loops_ring, minmay_statues_item,
          minmay_tiny_reverse_x
D:2:      layout_basic, basic_altar
D:3:      layout_loops_cross, mainiacjoe_overflow_surrounded_room,
          mainiacjoe_overflow_six_doors_small
D:4:      layout_loops_cross, general_overflow_altar,
          minmay_temple_entry_arrows, minmay_three_crescents
D:5:      layout_loops_corners, ebering_ghost_inner_flame,
          amcnicky_mini_corridor_feature, chequers_serial_rivers_micro_a
D:6:      layout_rooms, led_sif_pool, kennysheep_generic_room_4, uniq_edmund
D:7:      gammafunk_beogh_shrine, layout_basic, gammafunk_ghost_hive
D:8:      minmay_bloctagon, layout_basic, grunt_temple_overflow_diamond,
          hellmonk_lair_entry_icy, uniq_prince_ribbit1

Skill      XL: |  1  2  3  4  5  6  7 |
---------------+----------------------+-----
Unarmed Combat | 1 2 3 4 |  4.5
Stealth        | 2 3 4 |  4.7
Fighting       | 2 3 |  3.3
Dodging        | 3 4 |  4.0
Evocations     | 4 |  4.8

Action                   |  1- 3 |  4- 6 |  7- 9 || total
-------------------------+-------+-------+-------++-------
Melee: Unarmed           |    36 |    41 |    11 ||    88
       Constrict         |    11 |     9 |     3 ||    23
       Tentacles         |    13 |     8 |     3 ||    24
       Punch             |     2 |     1 |       ||     3
       Kick              |       |       |     3 ||     3
Evoke: Wand              |       |    12 |     1 ||    13
  Use: Scroll            |     5 |       |     3 ||     8
       Potion            |       |       |     1 ||     1
 Stab: Sleeping          |     4 |     2 |       ||     6
Armor: Skin              |     2 |     2 |     1 ||     5
Dodge: Dodged            |    16 |    27 |     5 ||    48

Table legend: (Time is in decaauts)
 A = Elapsed time spent in this place.
 B = Non-inter-level travel time spent in this place.
 C = Inter-level travel time spent in this place.
 D = Time resting spent in this place.
 E = Time spent auto-exploring this place.
 F = Levels seen in this place.
 G = Mean time per level.
                   A        B        C        D        E       F      G
               +--------+--------+--------+--------+--------+-----+--------+
         Total |   1265 |   1163 |    102 |    135 |    489 |   8 |  158.1 |
       Dungeon |   1265 |   1163 |    102 |    135 |    489 |   8 |  158.1 |
               +--------+--------+--------+--------+--------+-----+--------+

Top non-repeatable levels by time:
     D:6: 391 daAuts
     D:5: 381 daAuts
     D:1: 193 daAuts
     D:7: 187 daAuts
     D:2: 57 daAuts
     D:3: 33 daAuts
     D:4: 18 daAuts
     D:8: 0 daAuts
